 Dungeon Crawl Stone Soup version 0.28.0-43-g3370ac3207 (webtiles) character file.

Game seed: 5710259836094631599

109 fragbeetle the Changer (level 4, -2/35 HPs)
             Began as a Draconian Transmuter on Mar 9, 2022.
             Slain by a scorpion (7 damage)
             ... on level 4 of the Dungeon.
             The game lasted 00:02:50 (2443 turns).

fragbeetle the Changer (Draconian Transmuter)       Turns: 2443, Time: 00:02:51

Health: -2/35      AC:  6    Str: 14    XL:     4   Next: 59%
Magic:  7/7        EV: 12    Int: 20    God:
Gold:   73         SH:  0    Dex: 11    Spells: 3/7 levels left

rFire   . . .      SeeInvis .     - Unarmed
rCold   . . .      Faith    .   (no shield)
rNeg    . . .      Spirit   .   (armour unavailable)
rPois   .          Reflect  .   (helmet currently unavailable)
rElec   .          Harm     .   j - +0 cloak
rCorr   .          Rampage  .   (no gloves)
Will    .....                   (boots currently unavailable)
Stlth   +.........              (no amulet)
HPRegen 0.11/turn               k - +6 ring of intelligence
MPRegen 0.10/turn               (no ring)

@: brilliant, lethally poisoned (-2 -> -5), appendages
A: horns 2, talons 2, AC +5, unfitting armour, cold-blooded, mutation resistance
1
a: End Transformation


You were on level 4 of the Dungeon.
You had temporarily grown beastly horns and talons.
You visited 1 branch of the dungeon, and saw 4 of its levels.

You collected 73 gold pieces.

Inventory:

Hand Weapons
 h - a +4 fustibalus
Missiles
 i - 49 stones
Armour
 j - a +0 cloak (worn)
Jewellery
 k - a +6 ring of intelligence (left hand)
Scrolls
 d - 2 scrolls of identify {unknown}
Potions
 a - 2 potions of mutation
 b - a potion of attraction {unknown}
 c - a potion of degeneration {unknown}
 e - a potion of brilliance
 f - a potion of ambrosia {unknown}
 g - 3 potions of heal wounds {unknown}
 l - a potion of curing {unknown}
 m - a potion of haste {unknown}
 n - 2 potions of magic {unknown}
 o - a potion of berserk rage {unknown}


   Skills:
 - Level 1.1 Fighting
 - Level 1.7 Dodging
 - Level 3.0 Unarmed Combat
 - Level 2.0 Spellcasting
 + Level 4.9 Transmutations


You had 3 spell levels left.
You knew the following spells:

 Your Spells              Type           Power      Damage    Failure   Level
a - Beastly Appendage     Tmut           64%        N/A       1%          1
b - Spider Form           Tmut/Pois      17%        N/A       17%         3

Your spell library contained the following spells:

 Spells                   Type           Power      Damage    Failure   Level
 Wereblood                Tmut           32%        N/A       3%          2
 Slow                     Hex            12%        N/A       16%         1
 Confusing Touch          Hex            3%         N/A       43%         3
 Vampiric Draining        Necr           3%         2d6       43%         3
 Ice Form                 Ice/Tmut       17%        N/A       50%         4


Dungeon Overview and Level Annotations

Branches:
Dungeon (4/15)
 Temple: D:4-7

Altars:


Innate Abilities, Weirdness & Mutations

You have temporarily grown beastly horns and talons.
Your plain brown scales are hard. (AC +5)
You cannot fit into any form of body armour.
You are cold-blooded and may be slowed by cold attacks.
You are somewhat resistant to further mutation.


Message History

The hound is severely wounded.
The hound bites you.
The scorpion stings you but does no damage.
The hound barely misses you.
You hit the hound.
You kill the hound!
The scorpion stings you.
You are poisoned.
The scorpion poisons you!
You barely miss the scorpion.
You claw the scorpion, but do no damage.
You headbutt the scorpion.
The scorpion is lightly wounded.
You feel very sick. The scorpion stings you.
You barely miss the scorpion.
You claw the scorpion, but do no damage.
You headbutt the scorpion, but do no damage.
Your tail-slap misses the scorpion.
The scorpion is lightly wounded.
You feel sick.
The scorpion stings you but does no damage.
The scorpion barely misses you.
You hit the scorpion. Your headbutt misses the scorpion.
The scorpion is moderately wounded.
You feel sick. The scorpion stings you!
* * * LOW HITPOINT WARNING * * *
Unknown command.
You barely miss the scorpion. Your kick misses the scorpion.
The scorpion is moderately wounded.
You feel sick.
The scorpion stings you but does no damage.
It was a potion of mutation.
You feel extremely strange.
You feel genetically stable.
You feel sick.
The scorpion stings you but does no damage.
It was a potion of brilliance.
You feel clever all of a sudden.
You feel sick. The scorpion stings you!
You die...

..!# .....
.^.##..... ..
##...#..... ..#
..........
...###.........
...............
/..[..s†.."...#
.......@..# ###
#........#.....
.......<.......
........#..#...
#######.#### .
#$. ... #...
#...


You could see a scorpion.

Vanquished Creatures
  A hound (D:4)
  2 adders (D:3)
  A dart slug (D:1)
  9 bats
  4 endoplasms
  2 giant cockroaches (D:3)
  A goblin (D:1)
  5 hobgoblins
  7 jackals
  3 quokkas
  10 ball pythons
  4 frilled lizards
  4 kobolds
  3 rats
56 creatures vanquished.

Notes
Turn   | Place    | Note
-------+----------+-------------------------------------------
     0 | D:1      | fragbeetle the Draconian Transmuter began the quest for the
                  | Orb.
     0 | D:1      | Reached XP level 1. HP: 16/16 MP: 3/3
    55 | D:1      | Reached XP level 2. HP: 18/23 MP: 3/5
   250 | D:1      | Reached skill level 3 in Transmutations
   859 | D:2      | Reached XP level 3. HP: 24/28 MP: 4/6
   863 | D:2      | Learned a level 3 spell: Spider Form
  1012 | D:2      | Identified the +1 scale mail "Tecab" {Str+2 Int+8}
  1259 | D:2      | Found a faded altar of an unknown god.
  1727 | D:3      | Reached skill level 4 in Transmutations
  2068 | D:3      | Reached XP level 4. HP: 32/35 MP: 7/7
  2428 | D:4      | Noticed a scorpion
  2442 | D:4      | Gained mutation: You are somewhat resistant to further
                  | mutation. [potion of mutation]
  2443 | D:4      | Slain by a scorpion

Illustrated notes

Levels and vault maps discovered:
D:1:      lemuel_arrival_hallway, layout_rooms
D:2:      layout_loops_ring, nicolae_ecumenical_snake_handling
D:3:      layout_basic
D:4:      minmay_razor_zed, layout_cave_pools, elyvilon_altar_4, serial_shops,
          nicolae_shop_bloodbath_and_beyond

Skill      XL: |  1  2  3 |
---------------+----------+-----
Transmutations | 3 4 |  4.9
Fighting       | |  1.1
Dodging        | |  1.7
Unarmed Combat | |  3.0
Spellcasting   | |  2.0

Action                   |  1- 3 |  4- 6 || total
-------------------------+-------+-------++-------
Melee: Unarmed           |   122 |    31 ||   153
       Kick              |    24 |     5 ||    29
       Headbutt          |    13 |     5 ||    18
       Tailslap          |     9 |     3 ||    12
       Punch             |     3 |     1 ||     4
 Cast: Beastly Appendage |    30 |     3 ||    33
  Use: Potion            |       |     2 ||     2
 Stab: Sleeping          |     2 |       ||     2
Armor: Skin              |    38 |    19 ||    57
Dodge: Dodged            |    83 |    22 ||   105
